 Dungeon Crawl Stone Soup version 0.28-a0-477-g0b43c73ce0 (webtiles) character file.

Game seed: 3250404457201155323

422 Dabor the Conjurer (level 6, -6/45 HPs)
             Began as a Demigod Conjurer on Sept 17, 2021.
             Mangled by Pikel (12 damage)
             ... on level 4 of the Dungeon.
             The game lasted 00:08:52 (5778 turns).

Dabor the Conjurer (Demigod Conjurer)               Turns: 5778, Time: 00:08:52

Health: -6/45      AC:  2    Str:  8    XL:     6   Next: 35%
Magic:  7/13       EV: 12    Int: 28    God:
Gold:   171        SH:  0    Dex: 12    Spells: 4/11 levels left

rFire   . . .      SeeInvis +   k - +0 whip (elec)
rCold   . . .      Faith    .   (no shield)
rNeg    . . .      Spirit   .   a - +0 robe
rPois   +          Reflect  .   (no helmet)
rElec   .          Harm     .   (no cloak)
rCorr   .          Rampage  .   (no gloves)
Will    .....                   (no boots)
Stlth   ++........              (no amulet)
HPRegen 0.15/turn               f - ring of poison resistance
MPRegen 0.13/turn               n - ring of see invisible

@: no status effects
A: high mp 1, forlorn
a: no special abilities


You were on level 4 of the Dungeon.
You visited 1 branch of the dungeon, and saw 4 of its levels.

You collected 171 gold pieces.

Inventory:

Hand Weapons
 k - a +0 whip of electrocution (weapon)
Missiles
 h - a throwing net
Armour
 a - a +0 robe (worn)
 p - a +1 ring mail of positive energy
Jewellery
 f - a ring of poison resistance (left hand)
 n - a ring of see invisible (right hand)
Wands
 e - a wand of polymorph (9)
 m - a wand of flame (8)
Scrolls
 g - a scroll of immolation {unknown}
 i - a scroll of teleportation
 j - a scroll of blinking {unknown}
 o - a scroll of silence {unknown}
Potions
 b - a potion of attraction {unknown}
 c - 4 potions of curing
 d - a potion of might {unknown}
 l - a potion of berserk rage {unknown}
 q - a potion of lignification {unknown}


   Skills:
 * Level 3.2 Dodging
 + Level 3.1 Stealth
 * Level 3.1 Spellcasting
 * Level 4.6 Conjurations
 * Level 2.3 Hexes
 + Level 1.1 Evocations


You had 4 spell levels left.
You knew the following spells:

 Your Spells              Type           Power      Damage    Failure   Level
a - Magic Dart            Conj           100%       1d8       1%          1
b - Searing Ray           Conj           60%        2d6       1%          2
c - Fulminant Prism       Conj/Hex       11%        3d9       19%         4

Your spell library contained the following spells:

 Spells                   Type           Power      Damage    Failure   Level
 Foxfire                  Conj/Fire      68%        2x1d7     3%          1
 Dazzling Flash           Conj/Hex       46%        N/A       6%          3
 Sandblast                Erth           8%         2d5       9%          1
 Sting                    Tmut/Pois      16%        1d3       9%          1
 Conjure Flame            Conj/Fire      17%        6-21      10%         3
 Stone Arrow              Conj/Erth      34%        3d9       10%         3
 Passwall                 Tmut/Erth      3%         N/A       12%         2
 Poisonous Vapours        Pois/Air       8%         N/A       12%         2
 Inner Flame              Hex/Fire       10%        N/A       16%         3
 Gell's Gravitas          Tloc           2%         N/A       24%         3
 Lesser Beckoning         Tloc           4%         N/A       24%         3
 Teleport Other           Tloc           4%         N/A       24%         3
 Flame Wave               Conj/Fire      17%        3d5       30%         4
 Iskenderun's Mystic Bla  Conj/Tloc      17%        2d5       30%         4
 Olgreb's Toxic Radiance  Pois           4%         N/A       63%         4


Dungeon Overview and Level Annotations

Branches:
Dungeon (4/15)
 Temple: D:4-7

Annotations:
D:3 2 transporters, Heedrag's ghost, weakling DECj
D:4 Pikel


Innate Abilities, Weirdness & Mutations

Your attributes grow dramatically as you level up.
You have an increased reservoir of magic. (+10% MP)
You shall have no god before yourself.


Message History

Aiming: Searing Ray (safe; 1% risk of failure)
Press: ? - help, Shift-Dir - straight line, f/p - Pikel
Aim: Pikel, wielding a +2 whip of flaming and wearing a +0 robe (heavily wounded, 74% to hit)
The searing ray misses Pikel.
The searing ray hits the lemure!
You kill the lemure!
That felt strangely unrewarding. (Press . to maintain the ray.) Pikel hits you with a +2 whip of flaming!
Pikel burns you.
* * * LOW HITPOINT WARNING * * *
The searing ray misses Pikel.
Pikel hits you with a +2 whip of flaming.
* * * LOW HITPOINT WARNING * * *
Pikel burns you.
* * * LOW HITPOINT WARNING * * *
There is a stone staircase leading up here.
Pikel says, "You'll make a fine lemure."
Okay, then.
There is a stone staircase leading up here.
Pikel says, "You'll rot in Tartarus!"
Pikel says, "Hell isn't that bad."
Press: ? - help, v - describe, . - travel
Here: Pikel, wielding a +2 whip of flaming and wearing a +0 robe (moderately wounded)
The floor.
Casting: Searing Ray (safe; 1% risk of failure)
Confirm with . or Enter, or press ? or * to list all spells.
Aiming: Searing Ray (safe; 1% risk of failure)
Press: ? - help, Shift-Dir - straight line, f/p - Pikel
Aim: Pikel, wielding a +2 whip of flaming and wearing a +0 robe (moderately wounded, 74% to hit)
The searing ray hits Pikel.
Pikel is heavily wounded. (Press . to maintain the ray.) Pikel hits you with a +2 whip of flaming!
* * * LOW HITPOINT WARNING * * *
Pikel burns you.
* * * LOW HITPOINT WARNING * * *
The searing ray hits Pikel.
Pikel is severely wounded.
Pikel hits you with a +2 whip of flaming!
You die...

.# #.# #.# #.# .# ##.## #.#
##.####### .###...# #.#
#........# .....#.#
###.#####.<#####.#### .###...#
#...................#### ..######
#.#.#####..#####.......# ..##
#####.#.####................
#..###..............########.##.#
#......###.#...<@K..# ###.##.#
#..##### #.########.# #......#
..## #.# #.# #.#..... ..# #.# #.#
#(#..### #.# #.# #.######.#..###
#.########.########.#.......[....
....................# ####.#.>###
##################### ##..)..##.
# #.##......##.


You could see Pikel.

Vanquished Creatures
  4 lemures (D:4)
  A water moccasin skeleton (D:4)
  An orc priest (D:3)
  3 hounds
  An iguana (D:4)
  Natasha (thrice) (D:2)
  A hound skeleton (D:4)
  4 adders
  An ufetubus (D:4)
  A worm (D:2)
  A dart slug (D:1)
  7 orcs
  5 endoplasms
  2 giant cockroaches
  9 hobgoblins
  6 kobolds
  3 quokkas
  6 ball pythons
  5 bats
  3 frilled lizards
  19 goblins
  6 rats
92 creatures vanquished.

Notes
Turn   | Place    | Note
-------+----------+-------------------------------------------
     0 | D:1      | Dabor the Demigod Conjurer began the quest for the Orb.
     0 | D:1      | Reached XP level 1. HP: 14/14 MP: 5/5
   487 | D:1      | Reached XP level 2. HP: 20/20 MP: 5/7
   967 | D:1      | Learned a level 2 spell: Searing Ray
  1237 | D:2      | Noticed Natasha
  1249 | D:2      | Killed Natasha
  1250 | D:2      | Reached XP level 3. HP: 11/26 MP: 0/8
  1485 | D:2      | Noticed Natasha
  1500 | D:2      | HP: 1/26 [white imp[Natasha] (2)]
  1719 | D:2      | Killed Natasha
  1720 | D:2      | Reached skill level 4 in Conjurations
  1720 | D:2      | Reached skill level 1 in Hexes
  2124 | D:2      | Noticed Natasha
  2131 | D:2      | Killed Natasha
  2132 | D:2      | Reached XP level 4. HP: 20/33 MP: 1/10
  2971 | D:2      | Learned a level 4 spell: Fulminant Prism
  3119 | D:3      | Noticed a small abomination
  3133 | D:3      | Found a transporter.
  3137 | D:3      | Found a transporter.
  3392 | D:3      | Noticed Heedrag's ghost (weakling DECj)
  3403 | D:3      | Noticed a small abomination
  4136 | D:3      | Reached XP level 5. HP: 30/38 MP: 3/11
  4777 | D:4      | Reached XP level 6. HP: 28/45 MP: 4/13
  4908 | D:4      | Reached skill level 1 in Evocations
  5640 | D:4      | Noticed Pikel
  5778 | D:4      | Mangled by Pikel

Illustrated notes

Levels and vault maps discovered:
D:1:      minmay_arrival_solitary_statue, layout_loops_corners
D:2:      layout_loops_ring, palyth_stone_intersect, grunt_ministairs_2,
          mrwooster_statue_mirror, uniq_natasha
D:3:      layout_basic, nicolae_elyvilon_peaceful_grove,
          gammafunk_ghost_abyssal_escape, kennysheep_generic_room_10
D:4:      cheibrodos_greedy_goblins, layout_loops_ring,
          nicolae_ru_the_path_less_chosen, amcnicky_altar_gilded, uniq_pikel

Skill      XL: |  1  2  3  4  5  6 |
---------------+-------------------+-----
Stealth        | 2 3 |  3.1
Dodging        | 2 3 |  3.2
Spellcasting   | 2 3 |  3.1
Conjurations   | 4 |  4.6
Hexes          | 1 2 |  2.3
Evocations     | 1 |  1.1

Action                   |  1- 3 |  4- 6 || total
-------------------------+-------+-------++-------
Melee: Unarmed           |    12 |       ||    12
       Whip              |       |     3 ||     3
 Cast: Magic Dart        |    69 |   109 ||   178
       Searing Ray       |     3 |    11 ||    14
  Use: Scroll            |     4 |       ||     4
Armor: Robe              |     6 |     9 ||    15
Dodge: Dodged            |    21 |    33 ||    54

Table legend: (Time is in decaauts)
 A = Elapsed time spent in this place.
 B = Non-inter-level travel time spent in this place.
 C = Inter-level travel time spent in this place.
 D = Time resting spent in this place.
 E = Time spent auto-exploring this place.
 F = Levels seen in this place.
 G = Mean time per level.
                   A        B        C        D        E       F      G
               +--------+--------+--------+--------+--------+-----+--------+
         Total |   5801 |   5732 |     69 |   1288 |   3811 |   4 | 1450.2 |
       Dungeon |   5801 |   5732 |     69 |   1288 |   3811 |   4 | 1450.2 |
               +--------+--------+--------+--------+--------+-----+--------+

Top non-repeatable levels by time:
     D:2: 1804 daAuts
     D:3: 1608 daAuts
     D:1: 1204 daAuts
     D:4: 1184 daAuts
